 Dungeon Crawl Stone Soup version 0.21.1-1-g345015fe64 (webtiles) character file.

1621 Jannitor the Nimble (level 8, 0/42 HPs)
             Began as a Spriggan Berserker on May 27, 2018.
             Was an Elder of Trog.
             Slain by a wyvern zombie (9 damage)
             ... while paralysed
             ... on level 7 of the Dungeon.
             The game lasted 00:10:38 (5639 turns).

Jannitor the Nimble (Spriggan Berserker)            Turns: 5639, Time: 00:10:38

Health: 0/42       AC:  7    Str: 14 (15) XL:     8   Next: 64%
Magic:  9/9        EV:  4    Int:  6 (8)  God:    Trog [****..]
Gold:   227        SH:  0    Dex: 14 (16) Spells: 7/7 levels left

rFire    . . .     SeeInvis +   a - +1 dagger (protect)
rCold    . . .     Gourm    .   m - +0 buckler
rNeg     . . .     Faith    .   o - +2 robe {MR+}
rPois    .         Spirit   .   (helmet restricted)
rElec    .         Reflect  .   (no cloak)
rCorr    .         Harm     .   (gloves unavailable)
MR       ++...                  (boots unavailable)
Stlth    +++.......             (no amulet)
HPRegen  0.14/turn              (no ring)
MPRegen  0.11/turn              (no ring)

@: paralysed, very slightly contaminated, fainting, very quick
A: very small, unfitting armour, fangs 1, thin metallic scales 1, see invisible,
herbivore, speed 3, shaggy fur 1, slow metabolism 2
a: Berserk, Trog's Hand, Brothers in Arms, Burn Spellbooks, Renounce Religion


You were on level 7 of the Dungeon.
You worshipped Trog.
Trog was greatly pleased with you.
You were fainting.

You visited 1 branch of the dungeon, and saw 7 of its levels.
You also visited: Ossuary.

You collected 227 gold pieces.

Inventory:

Hand Weapons
 a - a +1 dagger of protection (weapon)
 b - a +0 blowgun
 h - a +0 short sword
Missiles
 d - 24 poisoned needles
Armour
 m - a +0 buckler (worn)
 o - a +2 robe of magic resistance (worn)
 r - a +0 animal skin
Jewellery
 w - an uncursed ring of protection from fire {unknown}
Scrolls
 e - 3 scrolls of enchant weapon
 n - a scroll of fog
 q - 3 scrolls of identify
 v - 3 scrolls of teleportation
 x - a scroll of noise {unknown}
 y - a scroll of magic mapping
Potions
 c - a potion of flight {unknown}
 g - 3 potions of agility
 i - 2 potions of lignification
 j - 3 potions of curing
 k - 5 potions of haste
 p - 3 potions of brilliance
 s - a potion of invisibility {unknown}
 t - a potion of ambrosia {unknown}
 u - a potion of mutation


   Skills:
 + Level 4.5 Fighting
 + Level 6.1 Short Blades
 * Level 3.7 Throwing
 + Level 8.0 Dodging
 + Level 7.0 Stealth
 + Level 2.9 Shields


You had 7 spell levels left.
You didn't know any spells.

Dungeon Overview and Level Annotations

Branches:
Dungeon (7/15)             Temple (0/1) D:4

Altars:
Ru
Vehumet
Xom

Annotations:
D:6 Menkaure


Innate Abilities, Weirdness & Mutations

You are very small and have problems with some larger weapons.
You are too small for most types of armour.
You have supernaturally acute eyesight. (SInv)
You are a herbivore.
You cover ground extremely quickly.
You need consume almost no food.
You have very sharp teeth.
You are partially covered in thin metallic scales. (AC +2)
You are covered in fur. (AC +1)


Message History

You block the wyvern zombie's attack.
You barely miss the wyvern zombie.
The wyvern zombie is lightly damaged.
The wyvern zombie misses you.
You barely miss the wyvern zombie.
The wyvern zombie is lightly damaged.
The wyvern zombie bites you.
You barely miss the wyvern zombie.
The wyvern zombie is lightly damaged.
You block the wyvern zombie's attack.
Blink to where?
Press: ? - help, Dir - move target cursor
As you read the scroll of blinking, it crumbles to dust.
You lose consciousness!
The wyvern zombie bites you! x2
The wyvern zombie bites you but does no damage.
The wyvern zombie bites you!
* * * LOW HITPOINT WARNING * * *
The wyvern zombie bites you!
You die...

## #..##...# .##
###....#
..######......#
..............#
###
...S..........#
##.#
.#######......##
#.## ##
##......###.# #
#.......#.##
##......@.#### #
##.###.Z....# ..
#######...## ...
#......## .###
##..#.## ..
#####.# ###


You could see a wyvern zombie.

Vanquished Creatures
  Sigmund (D:4)
  The ghost of Ortega the Grasshopper, an amateur GnWr (D:3)
  An ogre (D:4)
  An elf zombie (D:5)
  4 elf skeletons (D:5)
  5 water moccasin zombies (Ossuary)
  A scorpion (D:4)
  A human zombie (D:5)
  3 human skeletons (D:5)
  2 iguanas
  Natasha (thrice) (D:2)
  2 worker ants (D:4)
  3 big kobold zombies (Ossuary)
  2 mummies (Ossuary)
  A howler monkey skeleton (D:4)
  11 adders
  An adder skeleton (D:4)
  10 adder zombies (Ossuary)
  4 worms (D:2)
  A dart slug (D:3)
  4 leopard geckos
  9 orcs
  4 giant cockroaches
  10 goblins
  3 hobgoblins
  2 quokkas (D:2)
  A ball python skeleton (D:4)
  10 bats
  6 frilled lizards
  A gnoll zombie (Ossuary)
  5 hobgoblin zombies (Ossuary)
  7 kobolds
  2 kobold zombies (Ossuary)
  An orc skeleton (D:5)
  5 orc zombies
  6 rats
134 creatures vanquished.

Notes
Turn   | Place    | Note
-------+----------+-------------------------------------------
     0 | D:1      | Jannitor the Spriggan Berserker began the quest for the Orb.
     0 | D:1      | Reached XP level 1. HP: 11/11 MP: 2/2
   249 | D:1      | Reached skill level 1 in Stealth
   256 | D:1      | Reached XP level 2. HP: 11/16 MP: 3/3
  1145 | D:2      | Reached XP level 3. HP: 10/19 MP: 4/4
  1550 | D:2      | Reached skill level 5 in Dodging
  1786 | D:2      | Reached ** piety under Trog
  1842 | D:2      | Reached XP level 4. HP: 21/23 MP: 5/5
  1863 | D:2      | Noticed Natasha
  1888 | D:2      | Killed Natasha
  2222 | D:2      | Noticed Natasha
  2255 | D:2      | Killed Natasha
  2255 | D:2      | Reached XP level 5. HP: 21/28 MP: 6/6
  2402 | D:2      | Noticed Natasha
  2413 | D:2      | Killed Natasha
  2624 | D:3      | Found a shimmering altar of Xom.
  2663 | D:3      | Reached skill level 1 in Shields
  2915 | D:3      | Noticed Ortega's ghost (amateur GnWr)
  3061 | D:3      | Reached skill level 6 in Dodging
  3065 | D:3      | Reached XP level 6. HP: 25/32 MP: 7/7
  3392 | D:3      | Gained mutation: You are partially covered in thin metallic scales. (AC +2) [potion of mutation]
  3392 | D:3      | Gained mutation: You have very sharp teeth. [potion of mutation]
  3392 | D:3      | Gained mutation: You are covered in fur. (AC +1) [potion of mutation]
  3440 | D:3      | Killed Ortega's ghost
  3626 | D:4      | Noticed Sigmund
  3632 | D:4      | Killed Sigmund
  3632 | D:4      | Reached skill level 5 in Short Blades
  3632 | D:4      | Reached skill level 5 in Stealth
  3632 | D:4      | Reached XP level 7. HP: 37/37 MP: 8/8
  3711 | D:4      | Found a radiant altar of Vehumet.
  3923 | D:4      | Reached *** piety under Trog
  4005 | D:4      | Reached skill level 7 in Dodging
  4007 | D:4      | Reached skill level 1 in Throwing
  4262 | D:4      | Found a staircase to the Ecumenical Temple.
  4497 | D:5      | Entered Level 5 of the Dungeon
  4640 | D:5      | Found a sand-covered staircase.
  4660 | Ossuary  | Entered an ossuary
  4732 | Ossuary  | Reached XP level 8. HP: 42/42 MP: 9/9
  5101 | D:5      | Reached **** piety under Trog
  5151 | D:5      | Reached skill level 8 in Dodging
  5268 | D:6      | Found a sacrificial altar of Ru.
  5287 | D:6      | Noticed Menkaure
  5634 | D:7      | Paralysed by fainting for 11 turns
  5639 | D:7      | Slain by a wyvern zombie

Skill      XL: |  1  2  3  4  5  6  7  8 |
---------------+-------------------------+-----
Stealth        | 1 2 3 4 5 6 7 |  7.0
Dodging        | 5 6 7 8 |  8.0
Fighting       | 3 4 |  4.5
Short Blades   | 4 5 6 |  6.1
Shields        | 1 2 |  2.9
Throwing       | 2 3 |  3.7

Action                   |  1- 3 |  4- 6 |  7- 9 || total
-------------------------+-------+-------+-------++-------
Melee: Short sword       |    32 |       |       ||    32
       Dagger            |   153 |   332 |   530 ||  1015
       Bite              |       |     6 |    78 ||    84
 Fire: Blowgun           |       |       |     6 ||     6
Invok: Berserk           |     2 |     5 |     2 ||     9
       Trog's Hand       |       |     4 |       ||     4
  Use: Scroll            |       |     5 |     9 ||    14
       Potion            |       |     2 |     3 ||     5
 Stab: Sleeping          |     3 |     8 |    16 ||    27
       Distracted        |     1 |       |       ||     1
  Eat: Ration            |       |     4 |     2 ||     6
Armor: Animal skin       |    23 |    34 |       ||    57
       Robe              |       |       |    62 ||    62
Dodge: Dodged            |   145 |   179 |   313 ||   637
Block: Buckler           |    12 |    60 |   131 ||   203
